 Dungeon Crawl Stone Soup version 0.30-a0-305-g026cb31310 (webtiles) character file.

Game seed: 6012009211164730772

669 rogsnak the Chiller (level 7, -13/56 HPs)
             Began as a Pale Draconian Ice Elementalist on Oct 23, 2022.
             Mangled by an ogre
             ... wielding a +0 giant club
              (29 damage)
             ... on level 5 of the Dungeon.
             The game lasted 00:10:33 (4165 turns).

rogsnak the Chiller (DrIE)                          Turns: 4165, Time: 00:10:34

Health: -13/56     AC: 10    Str: 11    XL:     7   Next: 32%
Magic:  14/14      EV: 12    Int: 17    God:
Gold:   274        SH:  0    Dex: 11    Spells: 7/15 levels left

rFire   . . .      SeeInvis .    x - +2 whip (elec)
rCold   . . .      Faith    .    (no shield)
rNeg    . . .      Spirit   .    (body armour unavailable)
rPois   .          Reflect  .    (helmet restricted)
rElec   .          Harm     .    (no cloak)
rCorr   .          Rampage  .    (no gloves)
Will    .....                    (no boots)
Stlth   ++........               (no amulet)
HPRegen 0.29/turn                s - +4 ring of protection
MPRegen 0.14/turn                (no ring)

@: no status effects
A: breathe steam, AC +6, unfitting armour, cold-blooded, steam resistance
a: Breathe Steam


You were on level 5 of the Dungeon.
You visited 2 branches of the dungeon, and saw 6 of its levels.

You collected 274 gold pieces.

Inventory:

Hand Weapons
 d - a +0 rapier
 e - a +1 short sword of holy wrath
 p - a +2 dagger of venom
 x - a +2 whip of electrocution (weapon)
 A - a +5 vorpal flail
Missiles
 l - 9 poisoned darts
 y - 6 silver boomerangs
Armour
 n - a +0 kite shield
Jewellery
 s - a +4 ring of protection (left hand)
Scrolls
 b - a scroll of enchant weapon {unknown}
 f - a scroll of teleportation {unknown}
 j - 3 scrolls of fog {unknown}
 m - 2 scrolls of noise {unknown}
 o - a scroll of brand weapon {unknown}
 q - 2 scrolls of identify {unknown}
 r - a scroll of amnesia {unknown}
 t - a scroll of blinking {unknown}
Potions
 a - 3 potions of magic
 c - 2 potions of curing {unknown}
 g - 4 potions of attraction {unknown}
 h - a potion of mutation {unknown}
 i - a potion of heal wounds {unknown}
 k - 2 potions of flight {unknown}
 u - a potion of might {unknown}
 v - 2 potions of lignification {unknown}
 w - a potion of brilliance {unknown}
 z - a potion of degeneration {unknown}


   Skills:
 + Level 2.4 Fighting
 + Level 3.0 Dodging
 - Level 2.0 Stealth
 + Level 4.8 Spellcasting
 + Level 6.4 Ice Magic


You had 7 spell levels left.
You knew the following spells:

 Your Spells              Type           Power      Damage    Failure   Level
a - Freeze                Ice            100%       1d10      1%          1
b - Ozocubu's Armour      Ice            25%        N/A       3%          3
c - Summon Ice Beast      Ice/Summ       15%        N/A       36%         4

Your spell library contained the following spells:

 Spells                   Type           Power      Damage    Failure   Level
 Frozen Ramparts          Ice            50%        1d8       3%          3
 Slow                     Hex            16%        N/A       14%         1
 Scorch                   Fire           8%         2d5       22%         2
 Confusing Touch          Hex            4%         N/A       41%         3
 Inner Flame              Hex/Fire       4%         N/A       41%         3
 Vampiric Draining        Necr           4%         2d6       41%         3
 Cause Fear               Hex            2%         N/A       82%         4
 Flame Wave               Conj/Fire      4%         2d5       82%         4
 Summon Cactus Giant      Summ           2%         N/A       100%        6
 Discord                  Hex            2%         N/A       100%        8


Dungeon Overview and Level Annotations

Branches:
Dungeon (5/15)             Temple (1/1) D:4

Altars:
Ashenzari
Cheibriados
Dithmenos
Elyvilon
Fedhas
Gozag
Kikubaaqudgha
Makhleb
Nemelex Xobeh
Okawaru
Ru
Uskayaw
Xom
Yredelemnul
The Shining One


Innate Abilities, Weirdness & Mutations

You can breathe blasts of scalding, opaque steam.
Your pale cyan-grey scales are hard. (AC +6)
You cannot fit into any form of body armour.
You are cold-blooded and may be slowed by cold attacks.
You are immune to the effects of steam.


Message History

The iguana bites you!
You barely miss the iguana.
The iguana is severely wounded.
The iguana closely misses you.
You closely miss the iguana.
The iguana is severely wounded.
The iguana closely misses you.
You barely miss the iguana.
Your tail-slap misses the iguana.
The iguana is severely wounded.
The iguana bites you but does no damage.
You hit the iguana but do no damage.
The iguana is severely wounded.
The iguana hisses menacingly.
The iguana barely misses you.
You hit the iguana.
The iguana is severely wounded.
The iguana barely misses you. The iguana bites you!
You barely miss the iguana.
The iguana is severely wounded.
The iguana bites you.
You closely miss the iguana. You tail-slap the iguana.
The iguana is almost dead.
The iguana barely misses you.
You hit the iguana but do no damage. Lightning courses through the iguana!
You kill the iguana!
You hit the ogre.
The ogre is lightly wounded.
The ogre completely misses you.
You hit the ogre. Lightning courses through the ogre!
Your tail-slap misses the ogre.
The ogre is severely wounded.
The ogre hits you with a +0 giant club!
* * * LOW HITPOINT WARNING * * *
You barely miss the ogre.
Your tail-slap misses the ogre.
The ogre is severely wounded.
You hit the ogre.
The ogre is severely wounded.
The ogre hits you with a +0 giant club!!
Ouch! That really hurt!
You die...

.........#
.........#
........##
......#..#
##### #..#
#..# #..#
##O# #@# #.#
#.## #..#
#..# ####.
##.####.....
#.[>.......
##.#....####
##..#...##


You could see an ogre.

Vanquished Creatures
  Edmund (D:5)
  A black bear (D:5)
  A phantom (D:4)
  2 hounds
  A jelly (D:4)
  3 orc priests
  2 iguanas
  7 adders
  3 dart slugs
  8 orcs
  8 ball pythons
  5 bats
  2 endoplasms (D:3)
  2 giant cockroaches
  10 goblins
  6 hobgoblins
  2 jackals (D:1)
  13 kobolds
  8 quokkas
  5 frilled lizards
  7 rats
97 creatures vanquished.

Vanquished Creatures (others)
  A fungus (D:3)
1 creature vanquished.

Grand Total: 98 creatures vanquished

Notes
Turn   | Place    | Note
-------+----------+-------------------------------------------
     0 | D:1      | rogsnak the Draconian Ice Elementalist began the quest for
                  | the Orb.
     0 | D:1      | Reached XP level 1. HP: 14/14 MP: 3/3
   139 | D:1      | Reached XP level 2. HP: 14/20 MP: 0/5
   773 | D:1      | Reached XP level 3. HP: 23/26 MP: 6/6
  1331 | D:2      | Reached skill level 1 in Fighting
  1630 | D:3      | Reached XP level 4. HP: 33/35 MP: 5/7
  1666 | D:3      | Reached skill level 5 in Ice Magic
  1939 | D:3      | Reached XP level 5. HP: 41/41 MP: 9/9
  1980 | D:3      | Found a shadowy altar of Dithmenos.
  2558 | D:3      | Learned a level 3 spell: Ozocubu's Armour
  2563 | D:3      | Learned a level 4 spell: Summon Ice Beast
  3058 | D:4      | Found a staircase to the Ecumenical Temple.
  3070 | Temple   | Entered the Ecumenical Temple
  3072 | Temple   | Reached XP level 6. HP: 48/48 MP: 6/11
  3776 | D:5      | Entered Level 5 of the Dungeon
  3853 | D:5      | Reached skill level 6 in Ice Magic
  3853 | D:5      | Your scales start taking on a pale cyan-grey colour.
  3853 | D:5      | Reached XP level 7. HP: 54/56 MP: 6/13
  3853 | D:5      | Gained mutation: You are immune to the effects of steam.
                  | [Pale Draconian growth]
  3943 | D:5      | Noticed Edmund
  3955 | D:5      | Killed Edmund
  4165 | D:5      | Mangled by an ogre

Illustrated notes

Levels and vault maps discovered:
D:1:      minmay_arrival_diagonal_passages, layout_basic
D:2:      layout_basic, st_stairs_10
D:3:      layout_basic, mainiacjoe_overflow_tiny_flanked,
          minmay_misc_feat_diagonals, kennysheep_boxes
D:4:      layout_loops_cross, minmay_temple_entry_steel_oval,
          kennysheep_small_circle
D:5:      layout_cave_pods, nicolae_hepliaklqana_ecumenical_no_more, uniq_edmund
Temple:   nicolae_temple_great_sept

Skill      XL: |  1  2  3  4  5  6 |
---------------+-------------------+-----
Stealth        | 2 |  2.0
Dodging        | 2 3 |  3.0
Fighting       | 1 2 |  2.4
Ice Magic      | 5 6 |  6.4
Spellcasting   | 3 4 |  4.8

Action                   |  1- 3 |  4- 6 |  7- 9 || total
-------------------------+-------+-------+-------++-------
Melee: Rapier            |   104 |       |       ||   104
       Tailslap          |    10 |     5 |     2 ||    17
       Punch             |     1 |       |       ||     1
       Dagger            |    14 |    66 |     4 ||    84
       Whip              |       |     3 |    16 ||    19
 Cast: Freeze            |    24 |    52 |     7 ||    83
       Ozocubu's Armour  |       |     2 |     1 ||     3
 Stab: Sleeping          |     2 |     1 |       ||     3
Armor: Skin              |    56 |    49 |     5 ||   110
Dodge: Dodged            |   114 |    85 |    10 ||   209

Table legend: (Time is in decaauts)
 A = Elapsed time spent in this place.
 B = Non-inter-level travel time spent in this place.
 C = Inter-level travel time spent in this place.
 D = Time resting spent in this place.
 E = Time spent auto-exploring this place.
 F = Levels seen in this place.
 G = Mean time per level.
                   A        B        C        D        E       F      G
               +--------+--------+--------+--------+--------+-----+--------+
         Total |   4186 |   4058 |    128 |    193 |   2747 |   6 |  697.7 |
       Dungeon |   4039 |   3911 |    128 |    193 |   2650 |   5 |  807.8 |
        Temple |    147 |    147 |      0 |      0 |     97 |   1 |  147.0 |
               +--------+--------+--------+--------+--------+-----+--------+

Top non-repeatable levels by time:
     D:3: 1075 daAuts
     D:4: 979 daAuts
     D:1: 908 daAuts
     D:2: 685 daAuts
     D:5: 389 daAuts
  Temple: 147 daAuts
